 Dungeon Crawl Stone Soup version 0.30.1 (webtiles) character file.

Game seed: 3872078344084437389

67 Dordric the Shooter (level 4, -3/28 HPs)
             Began as a Tengu Hunter on July 3, 2023.
             Killed by divine providence
             ... invoked by an orc priest
              (10 damage)
             ... on level 2 of the Dungeon.
             The game lasted 00:02:05 (1818 turns).

Dordric the Shooter (Tengu Hunter)                  Turns: 1818, Time: 00:02:05

Health: -3/28      AC:  3    Str: 11    XL:     4   Next: 18%
Magic:  5/5        EV: 14    Int:  8    God:
Gold:   104        SH:  0    Dex: 23    Spells: 3/3 levels left

rFire   . . .        a - +0 shortbow
rCold   . . .        (shield currently unavailable)
rNeg    . . .        c - +0 leather armour
rPois   .            (helmet restricted)
rElec   +            (no cloak)
rCorr   .            (no gloves)
SInv    .            (boots unavailable)
Will    .....        (no amulet)
Stlth   ++           (no ring)
HPRegen 0.24/turn    (no ring)
MPRegen 0.09/turn

%: no passive effects
@: no status effects
A: beak, talons 3, agile 1, robust 1, electricity resistance
a: no special abilities


You were on level 2 of the Dungeon.
You visited 1 branch of the dungeon, and saw 3 of its levels.

You collected 104 gold pieces.

Inventory:

Hand Weapons
 a - a +0 shortbow (weapon)
Armour
 c - a +0 leather armour (worn)
Jewellery
 e - a ring of flight
Scrolls
 b - a scroll of immolation
 f - 3 scrolls of enchant armour {unknown}
 g - a scroll of enchant weapon {unknown}
 i - a scroll of torment {unknown}
 j - a scroll of summoning {unknown}
 k - a scroll of fear {unknown}
Potions
 h - a potion of haste {unknown}
 l - a potion of lignification {unknown}


   Skills:
 - Level 2.0 Fighting
 + Level 5.3 Ranged Weapons
 + Level 3.6 Dodging
 - Level 1.0 Stealth


You had 3 spell levels left.
You didn't know any spells.
Your spell library contained the following spells:

 Spells                   Type           Power      Damage    Failure   Level
 Sublimation of Blood     Necr           0%         N/A       65%         2
 Petrify                  Tmut/Erth      0%         N/A       99%         4
 Irradiate                Conj/Tmut      0%         3d11      100%        5


Dungeon Overview and Level Annotations

Branches:
Dungeon (3/15)

Altars:

Shops:
D:2 *:


Innate Abilities, Weirdness & Mutations

You have a beak for a mouth.
You have claws for feet.
You are agile. (Dex +4, Str/Int -1)
You are robust. (+10% HP)
You are resistant to electric shocks. (rElec)


Message History

There is a stone staircase leading down here.
You climb downwards.
The orc hits you with a +0 war axe.
There is a stone staircase leading up here.
There are monsters nearby!
There are monsters nearby!
You shoot an arrow. The arrow hits the orc.
The orc is lightly wounded.
The orc closely misses you.
HP restored.
The orc throws a boomerang.
The boomerang barely misses you. The orc hits you with a +0 war axe.
You climb upwards.
There is a stone staircase leading down here.
You shoot an arrow. The arrow hits the orc!
You kill the orc!
No target in view!
No target in view!
No target in view!
No target in view!
HP restored.
Done exploring.
You climb downwards.
The orc misses you. The orc closely misses you.
There is a stone staircase leading up here.
The orc hits you with a +2 hand axe of electrocution.
The orc misses you. The orc priest hits you with a +0 mace.
You climb upwards.
There is a stone staircase leading down here.
The orc priest attacks as you move away!
The orc priest hits you with a +0 mace. The orc barely misses you.
The orc hits you with a +0 flail.
The orc priest attacks as you move away!
The orc priest closely misses you. The orc attacks as you move away!
The orc hits you with a +2 hand axe of electrocution.
The orc priest calls down the wrath of Beogh upon you.
You barely resist. The orc attacks as you move away!
The orc hits you with a +0 flail!
* * * LOW HITPOINT WARNING * * *
The orc attacks as you move away! The orc closely misses you.
The orc priest invokes the aid of Beogh against you.
Beogh smites you!
You die...

...# #.#'##.#######..#...###.##.#
...###.#.##.#######..#...# #.##.#
....##.#.##..........#...# #.##.#
.##.##.####<#...###......###.....
###.##.####.#...# #.......##..#.#
###..........######.......##..#.#
##.....##....+............##..#.#
###.##.##....###.........^##.....
........+.....##@................
..#.##.##.....##.....#######..#.#
#.............##o....#######..#.#
###.#.#####.#.###.....[.........#
# #.#.#####.#.###o##########.....
#.#.........>..o.........#..#.#
#.#####.#..[...................
#.# #.#.......##.....#......# #.#
#.#.......######<####...#


You could see an orc priest and 2 orcs.

Vanquished Creatures
  3 adders
  A worm (D:2)
  A dart slug (D:1)
  2 orcs (D:2)
  2 ball pythons (D:1)
  2 bats (D:2)
  3 endoplasms
  A giant cockroach (D:1)
  2 goblins
  6 hobgoblins
  2 frilled lizards (D:2)
  2 kobolds
  7 rats
34 creatures vanquished.

Notes
Turn   | Place    | Note
-------+----------+-------------------------------------------
     0 | D:1      | Dordric the Tengu Hunter began the quest for the Orb.
     0 | D:1      | Reached XP level 1. HP: 12/12 MP: 2/2
   173 | D:1      | Reached XP level 2. HP: 11/17 MP: 3/3
   410 | D:1      | Found a faded altar of an unknown god.
   820 | D:2      | Reached skill level 5 in Ranged Weapons
   820 | D:2      | Reached XP level 3. HP: 21/21 MP: 4/4
  1086 | D:2      | Found Toby's Assorted Antiques.
  1292 | D:2      | Found Kuogg's Book Emporium.
  1703 | D:2      | Gained mutation: You are resistant to electric shocks.
                  | (rElec) [potion of mutation]
  1703 | D:2      | Gained mutation: You are agile. (Dex +4, Str/Int -1)
                  | [potion of mutation]
  1703 | D:2      | Gained mutation: You are robust. (+10% HP) [potion of
                  | mutation]
  1706 | D:2      | Reached XP level 4. HP: 8/28 MP: 5/5
  1818 | D:2      | Killed from afar by an orc priest

Illustrated notes

Levels and vault maps discovered:
D:1:      grunt_arrival_lava_bath, layout_basic,
          shapermc_ecumenical_altar_totnotflames
D:2:      layout_basic, serial_shops, nicolae_shop_real_fake_doors, shop,
          kennysheep_cross_bottleneck
D:3:      layout_loops_ring, serial_undead, serial_undead_e, serial_undead_f,
          serial_undead_b, serial_undead_b, uniq_natasha

Skill      XL: |  1  2 |
---------------+-------+-----
Dodging        | 3 |  3.6
Ranged Weapons | 5 |  5.3
Fighting       | |  2.0
Stealth        | |  1.0

Action                     |  1- 3 |  4- 6 || total
---------------------------+-------+-------++-------
   Fire: Shortbow          |    96 |     3 ||    99
    Use: Potion            |     1 |       ||     1
 Armour: Leather armour    |     6 |       ||     6
  Dodge: Dodged            |    40 |     8 ||    48
